[ AOE2 MATCH · #458414952 ]
UnrankedPoles vs Khitans
[ REPLAY ANALYSIS · EXTRACTED FROM THE RECORDED GAME ]
Feudal
13:34
Castle
—
Imperial
—
| APM avg | 38.2 |
| APM peak | 82 |
| eAPM avg | 14.7 |
| Villagers / military | 51 / 25 |
Focus
⚔️ 21.4% · 🌾 78.6%
Galley ×22 · Fishing Ship ×11 · Transport Ship ×3
Feudal
12:37
Castle
—
Imperial
—
| APM avg | 22.4 |
| APM peak | 46 |
| eAPM avg | 12.3 |
| Villagers / military | 46 / 33 |
Focus
⚔️ 34.3% · 🌾 65.7%
Fire Galley ×13 · Galley ×11 · Archer ×9 · Fishing Ship ×4 · Trade Cog ×1
Feudal
12:39
Castle
22:33
Imperial
—
| APM avg | 32.5 |
| APM peak | 78 |
| eAPM avg | 17.4 |
| Villagers / military | 38 / 5 |
Focus
⚔️ 37.5% · 🌾 62.5%
Unknown (1920) ×8 · Unknown (2626) ×6 · Fire Galley ×5 · Fishing Ship ×5 · Unknown (1105) ×1
Feudal
12:59
Castle
—
Imperial
—
| APM avg | 34.8 |
| APM peak | 69 |
| eAPM avg | 16.7 |
| Villagers / military | 50 / 20 |
Focus
⚔️ 30.7% · 🌾 69.3%
Galley ×17 · Fishing Ship ×11 · Fire Galley ×3 · Unknown (2626) ×3
Feudal
14:42
Castle
—
Imperial
—
| APM avg | 25.1 |
| APM peak | 56 |
| eAPM avg | 10.2 |
| Villagers / military | 30 / 5 |
Focus
⚔️ 16.1% · 🌾 83.9%
Fishing Ship ×9 · Skirmisher ×3 · Galley ×1 · Fire Galley ×1
Feudal
13:47
Castle
18:56
Imperial
—
| APM avg | 31.8 |
| APM peak | 68 |
| eAPM avg | 17.8 |
| Villagers / military | 54 / 3 |
Focus
⚔️ 32.1% · 🌾 67.9%
Unknown (1911) ×20 · Fishing Ship ×9 · Unknown (2626) ×8 · Fire Galley ×3
Match map
Initial resources + every placement click. Lines = walls · curves = elevation contours. ◆ gold · ⬟ stone · ● berries · ✦ relic · ◌ wall gap
Your base· Open — unwalled flank
gabosv92's base· Open — 6t gap
Chipmunk's base· Open — unwalled flank
PickledCabbage's base· Open — 7t gap
DoGG!'s base· Open — 12t gap
Cyvarios's base· Open — 3t gap
Smoothed initial terrain · ◌ = detected wall gap · hover for details
Inputs per minute
— martin.caze - - gabosv92
Build order — martin.caze
133 actions detected in the replay
| 0:11 | Build | Town Center |
| 1:31 | Build | House |
| 2:25 | Build | Dock |
| 2:39 | Create | Villager (Male) |
| 2:39 | Create | Villager (Male) |
| 2:39 | Create | Villager (Male) |
| 2:40 | Create | Villager (Male) |
| 2:40 | Create | Villager (Male) |
| 3:42 | Create | Villager (Male) |
| 4:30 | Create | Villager (Male) |
| 4:33 | Create | Fishing Ship |
| 4:33 | Create | Fishing Ship |
| 4:55 | Build | House |
| 5:00 | Build | House |
| 5:07 | Research | Loom |
| 5:30 | Create | Villager (Male) |
| 5:39 | Create | Fishing Ship |
| 6:07 | Create | Villager (Male) |
| 6:13 | Build | House |
| 6:39 | Create | Villager (Male) |
| 6:39 | Create | Villager (Male) |
| 6:42 | Create | Fishing Ship |
| 6:42 | Create | Fishing Ship |
| 7:24 | Create | Fishing Ship |
| 7:24 | Create | Fishing Ship |
| 7:27 | Create | Villager (Male) |
| 7:51 | Create | Fishing Ship |
| 7:57 | Build | House |
| 8:06 | Create | Villager (Male) |
| 8:06 | Create | Villager (Male) |
| 8:41 | Create | Villager (Male) |
| 8:42 | Create | Villager (Male) |
| 8:42 | Create | Villager (Male) |
| 8:50 | Create | Villager (Male) |
| 8:57 | Create | Fishing Ship |
| 9:04 | Create | Villager (Male) |
| 9:33 | Create | Fishing Ship |
| 9:36 | Create | Villager (Male) |
| 9:57 | Build | House |
| 10:00 | Create | Villager (Male) |
| 10:09 | Create | Fishing Ship |
| 10:34 | Create | Villager (Male) |
| 10:41 | Build | Palisade Wall |
| 10:57 | Build | Lumber Camp |
| 10:59 | Create | Villager (Male) |
| 11:16 | Research | Feudal Age |
| 11:26 | Build | House |
| 12:16 | Build | Dock |
| 12:31 | Build | Mining Camp |
| 13:12 | Create | Villager (Male) |
| 13:12 | Create | Villager (Male) |
| 13:34 | Age | Feudal Age |
| 13:35 | Create | Galley |
| 13:44 | Create | Villager (Male) |
| 14:10 | Create | Galley |
| 14:10 | Create | Galley |
| 14:28 | Create | Villager (Male) |
| 14:28 | Create | Villager (Male) |
| 14:28 | Create | Villager (Male) |
| 14:45 | Create | Galley |
| 14:45 | Create | Galley |
| 14:49 | Create | Villager (Male) |
| 15:05 | Build | House |
| 15:06 | Build | House |
| 15:07 | Build | House |
| 15:17 | Create | Villager (Male) |
| 15:21 | Create | Transport Ship |
| 15:26 | Create | Villager (Male) |
| 15:29 | Build | House |
| 15:30 | Build | House |
| 15:31 | Create | Villager (Male) |
| 15:31 | Create | Villager (Male) |
| 15:36 | Research | Double-Bit Axe |
| 15:36 | Research | Double-Bit Axe |
| 15:59 | Create | Villager (Male) |
| 16:10 | Create | Galley |
| 16:10 | Create | Galley |
| 16:11 | Create | Villager (Male) |
| 16:24 | Create | Galley |
| 16:24 | Create | Galley |
| 16:42 | Create | Villager (Male) |
| 16:42 | Create | Villager (Male) |
| 17:12 | Create | Galley |
| 17:12 | Create | Galley |
| 17:12 | Create | Galley |
| 17:43 | Create | Villager (Male) |
| 17:44 | Create | Villager (Male) |
| 17:58 | Create | Galley |
| 17:58 | Create | Galley |
| 18:09 | Build | Blacksmith |
| 18:17 | Create | Villager (Male) |
| 18:17 | Create | Villager (Male) |
| 18:35 | Build | Mill |
| 18:59 | Research | Fletching |
| 19:03 | Create | Galley |
| 19:03 | Create | Galley |
| 19:17 | Create | Galley |
| 19:17 | Create | Galley |
| 19:28 | Create | Villager (Male) |
| 19:39 | Create | Transport Ship |
| 19:41 | Create | Villager (Male) |
| 20:03 | Create | Villager (Male) |
| 20:03 | Create | Villager (Male) |
| 20:12 | Build | House |
| 20:40 | Create | Galley |
| 20:40 | Create | Galley |
| 21:15 | Create | Villager (Male) |
| 21:17 | Create | Villager (Male) |
| 21:18 | Create | Villager (Male) |
| 21:37 | Build | Farm |
| 21:37 | Build | Farm |
| 21:38 | Build | Farm |
| 21:38 | Build | Farm |
| 21:38 | Build | Farm |
| 21:38 | Build | Farm |
| 22:09 | Create | Galley |
| 22:09 | Create | Galley |
| 22:14 | Create | Villager (Male) |
| 22:51 | Create | Villager (Male) |
| 22:58 | Build | Mill |
| 23:00 | Build | Farm |
| 23:00 | Build | Farm |
| 23:00 | Build | Farm |
| 23:00 | Build | Farm |
| 23:01 | Build | Farm |
| 23:01 | Build | Farm |
| 23:01 | Build | Farm |
| 23:07 | Build | Farm |
| 23:10 | Build | Farm |
| 23:12 | Research | Horse Collar |
| 23:26 | Build | House |
| 23:27 | Build | House |
| 23:44 | Create | Transport Ship |
Build order — gabosv92
134 actions detected in the replay
| 0:15 | Build | House |
| 0:19 | Build | Dock |
| 0:29 | Build | Town Center |
| 1:41 | Build | House |
| 2:44 | Create | Villager (Male) |
| 2:44 | Create | Villager (Male) |
| 2:44 | Create | Villager (Male) |
| 3:01 | Create | Villager (Male) |
| 3:54 | Create | Villager (Male) |
| 4:49 | Create | Fishing Ship |
| 4:50 | Research | Loom |
| 5:10 | Create | Villager (Male) |
| 5:44 | Create | Villager (Male) |
| 5:44 | Create | Villager (Male) |
| 5:46 | Create | Fishing Ship |
| 6:16 | Build | House |
| 6:34 | Create | Villager (Male) |
| 7:07 | Create | Villager (Male) |
| 7:07 | Create | Villager (Male) |
| 7:07 | Create | Villager (Male) |
| 7:35 | Create | Villager (Male) |
| 7:38 | Create | Fishing Ship |
| 7:48 | Create | Villager (Male) |
| 8:04 | Build | House |
| 8:07 | Build | House |
| 8:46 | Create | Villager (Male) |
| 9:06 | Create | Villager (Male) |
| 9:34 | Build | Lumber Camp |
| 9:44 | Create | Villager (Male) |
| 10:26 | Research | Feudal Age |
| 10:29 | Create | Villager (Male) |
| 11:11 | Build | House |
| 11:26 | Build | Mill |
| 11:30 | Create | Villager (Male) |
| 12:10 | Build | Dock |
| 12:23 | Build | Mining Camp |
| 12:25 | Create | Villager (Male) |
| 12:33 | Build | Palisade Wall |
| 12:37 | Age | Feudal Age |
| 12:43 | Create | Fire Galley |
| 12:51 | Build | Palisade Wall |
| 12:53 | Build | Palisade Wall |
| 12:55 | Build | Palisade Wall |
| 13:04 | Create | Galley |
| 13:07 | Create | Villager (Male) |
| 13:07 | Create | Villager (Male) |
| 13:15 | Research | Double-Bit Axe |
| 13:27 | Create | Fire Galley |
| 13:36 | Create | Fire Galley |
| 13:49 | Build | House |
| 13:49 | Build | House |
| 13:58 | Create | Fire Galley |
| 14:29 | Create | Villager (Male) |
| 14:29 | Create | Villager (Male) |
| 14:44 | Create | Villager (Male) |
| 14:44 | Create | Villager (Male) |
| 14:47 | Build | Barracks |
| 15:04 | Create | Galley |
| 15:05 | Create | Galley |
| 15:12 | Create | Villager (Male) |
| 15:12 | Create | Villager (Male) |
| 15:14 | Build | House |
| 15:15 | Build | House |
| 15:15 | Build | House |
| 15:15 | Build | House |
| 15:32 | Create | Fishing Ship |
| 15:47 | Build | Farm |
| 15:47 | Build | Farm |
| 15:53 | Create | Villager (Male) |
| 16:47 | Create | Galley |
| 16:47 | Create | Galley |
| 16:48 | Create | Galley |
| 17:14 | Create | Fire Galley |
| 17:15 | Create | Fire Galley |
| 17:16 | Create | Villager (Male) |
| 17:16 | Create | Villager (Male) |
| 17:20 | Build | Mining Camp |
| 17:26 | Build | Palisade Wall |
| 17:28 | Research | Town Watch |
| 17:41 | Build | Farm |
| 17:51 | Create | Fire Galley |
| 17:59 | Create | Trade Cog |
| 18:04 | Create | Galley |
| 18:04 | Create | Galley |
| 18:05 | Create | Galley |
| 18:08 | Create | Villager (Male) |
| 18:15 | Create | Villager (Male) |
| 18:16 | Create | Villager (Male) |
| 18:51 | Create | Villager (Male) |
| 18:58 | Create | Galley |
| 18:59 | Create | Galley |
| 19:09 | Build | Blacksmith |
| 19:16 | Build | Archery Range |
| 19:39 | Create | Fire Galley |
| 19:39 | Create | Fire Galley |
| 20:09 | Create | Archer |
| 20:09 | Create | Archer |
| 20:11 | Build | Palisade Gate |
| 20:20 | Create | Fire Galley |
| 20:21 | Create | Fire Galley |
| 20:56 | Create | Archer |
| 20:56 | Create | Archer |
| 21:02 | Research | Fletching |
| 21:33 | Create | Archer |
| 21:33 | Create | Archer |
| 21:39 | Create | Villager (Male) |
| 21:39 | Create | Villager (Male) |
| 21:39 | Create | Villager (Male) |
| 21:42 | Build | Farm |
| 21:42 | Build | Farm |
| 21:42 | Build | Farm |
| 21:42 | Build | Farm |
| 21:43 | Build | Farm |
| 21:43 | Build | Farm |
| 21:43 | Build | Farm |
| 21:43 | Build | Farm |
| 21:44 | Build | Farm |
| 21:44 | Build | Farm |
| 21:44 | Build | Farm |
| 21:44 | Build | Farm |
| 21:48 | Create | Villager (Male) |
| 21:48 | Create | Villager (Male) |
| 22:16 | Create | Fire Galley |
| 22:16 | Create | Fire Galley |
| 22:17 | Create | Villager (Male) |
| 22:18 | Create | Villager (Male) |
| 22:39 | Create | Archer |
| 22:41 | Research | Padded Archer Armor |
| 23:00 | Create | Villager (Male) |
| 23:00 | Create | Villager (Male) |
| 23:25 | Create | Archer |
| 23:25 | Create | Archer |
| 23:27 | Create | Villager (Male) |
| 23:27 | Create | Villager (Male) |
Build order — Chipmunk
105 actions detected in the replay
| 0:17 | Build | Town Center |
| 1:48 | Build | Dock |
| 1:49 | Build | House |
| 2:48 | Create | Villager (Male) |
| 2:48 | Create | Villager (Male) |
| 2:48 | Create | Villager (Male) |
| 2:49 | Create | Villager (Male) |
| 2:49 | Create | Villager (Male) |
| 3:23 | Build | Palisade Wall |
| 3:24 | Build | Palisade Wall |
| 3:31 | Build | Palisade Wall |
| 3:32 | Build | Palisade Wall |
| 3:50 | Build | Palisade Wall |
| 3:57 | Build | Palisade Wall |
| 4:25 | Research | Loom |
| 4:37 | Create | Fishing Ship |
| 4:46 | Build | House |
| 4:51 | Create | Villager (Male) |
| 4:54 | Create | Fishing Ship |
| 5:13 | Create | Villager (Male) |
| 5:38 | Build | House |
| 5:53 | Create | Villager (Male) |
| 6:19 | Create | Villager (Male) |
| 6:23 | Create | Fishing Ship |
| 6:42 | Create | Villager (Male) |
| 7:01 | Build | House |
| 7:04 | Create | Villager (Male) |
| 7:25 | Create | Villager (Male) |
| 7:38 | Create | Fishing Ship |
| 7:43 | Create | Fishing Ship |
| 7:58 | Create | Villager (Male) |
| 8:11 | Create | Villager (Male) |
| 8:37 | Build | Lumber Camp |
| 8:48 | Create | Villager (Male) |
| 9:07 | Create | Villager (Male) |
| 9:15 | Create | Villager (Male) |
| 9:45 | Build | House |
| 10:00 | Create | Villager (Male) |
| 10:29 | Research | Feudal Age |
| 10:59 | Build | Mining Camp |
| 11:13 | Build | Mill |
| 11:23 | Create | Villager (Male) |
| 11:40 | Build | Dock |
| 12:39 | Age | Feudal Age |
| 12:41 | Create | Unit 2626 |
| 12:44 | Research | Double-Bit Axe |
| 12:56 | Create | Villager (Male) |
| 13:03 | Build | Blacksmith |
| 13:12 | Create | Villager (Male) |
| 13:18 | Build | House |
| 13:25 | Build | House |
| 13:29 | Create | Villager (Male) |
| 13:56 | Research | Forging |
| 13:58 | Create | Villager (Male) |
| 14:01 | Create | Unit 2626 |
| 14:01 | Create | Unit 2626 |
| 14:17 | Create | Unit 2626 |
| 14:19 | Create | Villager (Male) |
| 14:39 | Build | Mill |
| 14:55 | Create | Villager (Male) |
| 15:06 | Create | Fire Galley |
| 15:06 | Create | Fire Galley |
| 15:25 | Create | Fire Galley |
| 15:25 | Create | Fire Galley |
| 15:26 | Create | Villager (Male) |
| 15:53 | Create | Fire Galley |
| 16:10 | Create | Villager (Male) |
| 16:18 | Build | Market |
| 16:25 | Build | House |
| 16:25 | Build | House |
| 16:33 | Build | Mill |
| 16:37 | Create | Villager (Male) |
| 17:10 | Create | Villager (Male) |
| 17:13 | Research | Wheelbarrow |
| 17:20 | Research | Tech 1014 |
| 17:32 | Build | Pasture |
| 17:58 | Build | Mining Camp |
| 18:02 | Create | Villager (Male) |
| 18:28 | Build | Pasture |
| 18:48 | Create | Villager (Male) |
| 19:28 | Create | Villager (Male) |
| 19:33 | Build | Pasture |
| 19:50 | Create | Villager (Male) |
| 19:51 | Research | Castle Age |
| 19:58 | Research | Stone Mining |
| 20:08 | Research | Scale Mail Armor |
| 20:35 | Create | Unit 2626 |
| 20:37 | Create | Unit 2626 |
| 20:49 | Create | Villager (Male) |
| 21:06 | Research | Town Watch |
| 21:53 | Build | Dock |
| 22:12 | Build | Barracks |
| 22:33 | Age | Castle Age |
| 22:37 | Research | Chain Mail Armor |
| 22:39 | Research | Bow Saw |
| 22:46 | Build | Castle |
| 23:05 | Create | Villager (Male) |
| 23:13 | Build | House |
| 23:32 | Create | Villager (Male) |
| 23:48 | Build | Siege Workshop |
| 23:56 | Create | Villager (Male) |
| 24:06 | Create | Unit 1920 ×5 |
| 24:17 | Create | Villager (Male) |
| 24:43 | Create | Unit 1105 |
| 24:49 | Create | Unit 1920 ×3 |
Build order — PickledCabbage
138 actions detected in the replay
| 0:06 | Build | Town Center |
| 1:06 | Build | Dock |
| 1:08 | Build | House |
| 2:24 | Create | Villager (Male) |
| 2:25 | Create | Villager (Male) |
| 2:25 | Create | Villager (Male) |
| 2:25 | Create | Villager (Male) |
| 2:25 | Create | Villager (Male) |
| 3:34 | Create | Fishing Ship |
| 4:09 | Build | House |
| 4:12 | Create | Villager (Male) |
| 4:12 | Create | Villager (Male) |
| 4:33 | Create | Villager (Male) |
| 4:34 | Create | Villager (Male) |
| 4:54 | Create | Villager (Male) |
| 5:13 | Create | Villager (Male) |
| 5:13 | Create | Villager (Male) |
| 5:27 | Create | Villager (Male) |
| 5:27 | Create | Villager (Male) |
| 6:00 | Create | Fishing Ship |
| 6:05 | Build | House |
| 6:09 | Create | Villager (Male) |
| 6:09 | Create | Villager (Male) |
| 6:43 | Create | Villager (Male) |
| 7:06 | Build | Mill |
| 7:08 | Create | Villager (Male) |
| 7:12 | Create | Fishing Ship |
| 7:27 | Build | House |
| 7:30 | Create | Villager (Male) |
| 8:02 | Create | Fishing Ship |
| 8:09 | Build | House |
| 8:20 | Build | House |
| 8:41 | Create | Villager (Male) |
| 8:48 | Create | Villager (Male) |
| 8:49 | Research | Loom |
| 9:05 | Build | Dock |
| 9:20 | Build | House |
| 9:27 | Build | Mining Camp |
| 9:49 | Create | Villager (Male) |
| 10:03 | Create | Villager (Male) |
| 10:13 | Create | Fishing Ship |
| 10:49 | Research | Feudal Age |
| 11:09 | Create | Villager (Male) |
| 11:10 | Create | Villager (Male) |
| 11:47 | Create | Villager (Male) |
| 12:03 | Build | House |
| 12:08 | Create | Villager (Male) |
| 12:12 | Build | Lumber Camp |
| 12:50 | Create | Villager (Male) |
| 12:59 | Age | Feudal Age |
| 13:02 | Create | Galley |
| 13:02 | Create | Galley |
| 13:02 | Create | Galley |
| 13:03 | Create | Galley |
| 13:23 | Research | Double-Bit Axe |
| 13:49 | Create | Villager (Male) |
| 14:04 | Create | Villager (Male) |
| 14:20 | Create | Villager (Male) |
| 14:23 | Build | House |
| 14:27 | Create | Unit 2626 |
| 14:27 | Create | Unit 2626 |
| 14:28 | Create | Unit 2626 |
| 14:30 | Create | Villager (Male) |
| 14:38 | Build | House |
| 14:46 | Research | Gold Mining |
| 15:01 | Create | Villager (Male) |
| 15:33 | Build | Blacksmith |
| 15:34 | Build | House |
| 15:54 | Create | Galley |
| 15:54 | Create | Galley |
| 16:08 | Create | Villager (Male) |
| 16:08 | Create | Villager (Male) |
| 16:09 | Create | Villager (Male) |
| 16:14 | Research | Horse Collar |
| 16:20 | Research | Fletching |
| 16:21 | Research | Forging |
| 17:20 | Create | Galley |
| 17:20 | Create | Galley |
| 17:20 | Create | Galley |
| 17:28 | Create | Villager (Male) |
| 17:54 | Create | Villager (Male) |
| 17:58 | Create | Galley |
| 17:59 | Create | Galley |
| 17:59 | Create | Galley |
| 18:20 | Create | Villager (Male) |
| 18:24 | Build | House |
| 18:28 | Build | Barracks |
| 18:33 | Build | Farm |
| 18:33 | Build | Farm |
| 18:34 | Build | Farm |
| 19:29 | Create | Galley |
| 19:30 | Create | Galley |
| 19:31 | Create | Villager (Male) |
| 19:32 | Create | Villager (Male) |
| 19:36 | Build | House |
| 19:38 | Build | Farm |
| 19:39 | Build | Farm |
| 19:41 | Build | Farm |
| 19:42 | Build | Farm |
| 19:49 | Build | Farm |
| 19:49 | Build | Farm |
| 19:49 | Build | Farm |
| 19:50 | Build | Farm |
| 19:50 | Build | Farm |
| 20:06 | Create | Villager (Male) |
| 20:15 | Build | Farm |
| 20:17 | Build | Farm |
| 20:23 | Build | House |
| 20:34 | Create | Fishing Ship |
| 20:35 | Create | Fishing Ship |
| 21:10 | Create | Villager (Male) |
| 21:10 | Create | Villager (Male) |
| 21:57 | Create | Villager (Male) |
| 21:59 | Create | Fire Galley |
| 21:59 | Create | Fire Galley |
| 22:00 | Create | Fire Galley |
| 22:39 | Create | Galley |
| 22:39 | Create | Galley |
| 22:40 | Create | Galley |
| 22:46 | Build | Farm |
| 22:51 | Build | House |
| 22:56 | Build | Dock |
| 23:07 | Create | Villager (Male) |
| 23:08 | Create | Villager (Male) |
| 23:16 | Build | Archery Range |
| 23:23 | Build | Watch Tower |
| 23:31 | Build | Mining Camp |
| 23:39 | Create | Villager (Male) |
| 23:44 | Create | Fishing Ship |
| 23:44 | Create | Fishing Ship |
| 23:48 | Research | Tech 906 |
| 24:05 | Research | Castle Age |
| 24:16 | Build | Mining Camp |
| 24:36 | Create | Villager (Male) |
| 24:37 | Create | Villager (Male) |
| 24:41 | Create | Fishing Ship |
| 24:41 | Create | Fishing Ship |
| 24:58 | Research | Stone Mining |
Build order — DoGG!
78 actions detected in the replay
| 0:51 | Build | Town Center |
| 1:41 | Build | House |
| 1:44 | Build | House |
| 2:59 | Create | Villager (Male) |
| 3:08 | Create | Villager (Male) |
| 3:26 | Create | Villager (Male) |
| 3:46 | Create | Villager (Male) |
| 4:02 | Build | Dock |
| 4:23 | Create | Villager (Male) |
| 4:44 | Create | Fishing Ship |
| 5:32 | Create | Fishing Ship |
| 5:43 | Create | Villager (Male) |
| 6:31 | Create | Fishing Ship |
| 6:40 | Create | Villager (Male) |
| 6:40 | Create | Villager (Male) |
| 7:13 | Create | Fishing Ship |
| 7:22 | Create | Villager (Male) |
| 7:56 | Build | House |
| 8:03 | Research | Loom |
| 8:07 | Create | Villager (Male) |
| 8:11 | Create | Fishing Ship |
| 8:17 | Build | House |
| 9:00 | Create | Villager (Male) |
| 9:15 | Build | Lumber Camp |
| 9:23 | Create | Villager (Male) |
| 9:47 | Create | Villager (Male) |
| 10:05 | Create | Villager (Male) |
| 10:16 | Create | Fishing Ship |
| 10:42 | Create | Villager (Male) |
| 10:52 | Create | Fishing Ship |
| 11:44 | Create | Villager (Male) |
| 11:49 | Create | Villager (Male) |
| 11:58 | Create | Fishing Ship |
| 12:32 | Research | Feudal Age |
| 12:32 | Research | Feudal Age |
| 12:40 | Build | House |
| 12:55 | Create | Fishing Ship |
| 13:01 | Build | House |
| 13:20 | Build | Mill |
| 13:39 | Build | Dock |
| 14:42 | Age | Feudal Age |
| 14:44 | Build | Dock |
| 14:48 | Create | Fire Galley |
| 14:50 | Create | Galley |
| 14:57 | Create | Villager (Male) |
| 14:58 | Create | Villager (Male) |
| 15:18 | Create | Villager (Male) |
| 16:22 | Build | Watch Tower |
| 16:27 | Create | Villager (Male) |
| 16:28 | Create | Villager (Male) |
| 16:31 | Build | Mining Camp |
| 16:32 | Create | Villager (Male) |
| 16:32 | Create | Villager (Male) |
| 16:53 | Create | Villager (Male) |
| 16:53 | Create | Villager (Male) |
| 17:46 | Build | Farm |
| 17:46 | Build | Farm |
| 17:46 | Build | Farm |
| 17:47 | Build | Farm |
| 17:47 | Build | Farm |
| 17:48 | Create | Villager (Male) |
| 17:48 | Create | Villager (Male) |
| 17:52 | Build | Farm |
| 18:25 | Create | Villager (Male) |
| 18:27 | Build | Farm |
| 18:27 | Create | Villager (Male) |
| 18:43 | Build | Farm |
| 18:53 | Research | Stone Mining |
| 18:55 | Research | Double-Bit Axe |
| 19:29 | Build | House |
| 19:41 | Build | House |
| 19:54 | Build | House |
| 20:14 | Build | Mining Camp |
| 20:46 | Build | Lumber Camp |
| 21:57 | Build | Archery Range |
| 22:28 | Create | Skirmisher |
| 22:42 | Create | Skirmisher |
| 23:01 | Create | Skirmisher |
Build order — Cyvarios
144 actions detected in the replay
| 0:04 | Build | Town Center |
| 0:58 | Build | Dock |
| 2:06 | Build | House |
| 2:26 | Create | Villager (Male) |
| 2:27 | Create | Villager (Male) |
| 2:27 | Create | Villager (Male) |
| 2:27 | Create | Villager (Male) |
| 2:28 | Create | Villager (Male) |
| 3:33 | Create | Fishing Ship |
| 4:09 | Create | Villager (Male) |
| 4:09 | Create | Villager (Male) |
| 4:26 | Create | Villager (Male) |
| 4:26 | Create | Villager (Male) |
| 4:27 | Research | Loom |
| 4:28 | Research | Loom |
| 4:43 | Build | House |
| 4:54 | Research | Loom |
| 4:54 | Research | Loom |
| 4:58 | Create | Villager (Male) |
| 5:26 | Create | Villager (Male) |
| 5:26 | Create | Villager (Male) |
| 5:40 | Create | Villager (Male) |
| 5:40 | Create | Villager (Male) |
| 5:41 | Create | Villager (Male) |
| 5:47 | Create | Fishing Ship |
| 6:15 | Create | Villager (Male) |
| 6:15 | Create | Villager (Male) |
| 6:22 | Create | Villager (Male) |
| 6:22 | Create | Villager (Male) |
| 6:27 | Create | Fishing Ship |
| 6:39 | Build | House |
| 7:05 | Create | Villager (Male) |
| 7:05 | Create | Villager (Male) |
| 7:14 | Create | Fishing Ship |
| 7:48 | Create | Villager (Male) |
| 7:48 | Create | Villager (Male) |
| 7:51 | Build | House |
| 7:52 | Create | Villager (Male) |
| 7:52 | Create | Villager (Male) |
| 7:58 | Create | Fishing Ship |
| 7:58 | Create | Fishing Ship |
| 8:32 | Create | Villager (Male) |
| 8:33 | Create | Villager (Male) |
| 8:45 | Build | House |
| 8:56 | Create | Villager (Male) |
| 8:56 | Create | Villager (Male) |
| 8:59 | Create | Fishing Ship |
| 9:16 | Create | Villager (Male) |
| 9:16 | Create | Villager (Male) |
| 9:23 | Create | Fishing Ship |
| 9:30 | Create | Villager (Male) |
| 10:04 | Create | Fishing Ship |
| 10:14 | Build | Mill |
| 10:45 | Create | Villager (Male) |
| 11:05 | Build | House |
| 11:07 | Create | Villager (Male) |
| 11:07 | Create | Villager (Male) |
| 11:07 | Create | Villager (Male) |
| 11:22 | Research | Feudal Age |
| 11:23 | Research | Feudal Age |
| 11:41 | Build | Dock |
| 12:11 | Build | Mining Camp |
| 12:33 | Create | Villager (Male) |
| 12:33 | Create | Villager (Male) |
| 12:59 | Build | House |
| 13:16 | Create | Villager (Male) |
| 13:47 | Age | Feudal Age |
| 13:52 | Create | Unit 2626 |
| 13:52 | Create | Unit 2626 |
| 14:05 | Create | Villager (Male) |
| 14:31 | Create | Unit 2626 |
| 14:31 | Create | Unit 2626 |
| 14:40 | Build | Market |
| 15:02 | Create | Unit 2626 |
| 15:02 | Create | Unit 2626 |
| 15:05 | Create | Villager (Male) |
| 15:08 | Create | Unit 2626 |
| 15:08 | Create | Unit 2626 |
| 15:31 | Build | House |
| 15:39 | Build | Blacksmith |
| 15:41 | Build | Palisade Wall |
| 15:47 | Build | House |
| 15:49 | Build | House |
| 16:14 | Research | Castle Age |
| 16:25 | Create | Villager (Male) |
| 17:15 | Create | Villager (Male) |
| 17:24 | Build | Barracks |
| 17:25 | Research | Gold Mining |
| 17:28 | Build | Lumber Camp |
| 17:35 | Create | Villager (Male) |
| 18:06 | Create | Fire Galley |
| 18:07 | Create | Fire Galley |
| 18:21 | Build | Archery Range |
| 18:33 | Create | Fire Galley |
| 18:39 | Create | Villager (Male) |
| 18:51 | Build | Archery Range |
| 18:52 | Research | Double-Bit Axe |
| 18:53 | Research | Double-Bit Axe |
| 18:56 | Age | Castle Age |
| 19:29 | Create | Unit 1911 |
| 19:40 | Build | Farm |
| 19:41 | Build | Farm |
| 19:41 | Build | Farm |
| 19:41 | Build | Farm |
| 19:41 | Build | Farm |
| 19:48 | Create | Unit 1911 |
| 19:48 | Create | Unit 1911 |
| 19:50 | Create | Villager (Male) |
| 20:00 | Create | Villager (Male) |
| 20:24 | Create | Villager (Male) |
| 20:27 | Create | Unit 1911 ×2 |
| 20:47 | Create | Unit 1911 |
| 20:56 | Create | Unit 1911 |
| 20:56 | Create | Unit 1911 |
| 21:42 | Create | Unit 1911 ×2 |
| 21:43 | Create | Villager (Male) |
| 21:43 | Create | Villager (Male) |
| 21:53 | Create | Unit 1911 |
| 21:53 | Create | Villager (Male) |
| 21:54 | Create | Villager (Male) |
| 21:58 | Build | Farm |
| 21:58 | Build | Farm |
| 21:58 | Build | Farm |
| 21:58 | Build | Farm |
| 21:59 | Build | Farm |
| 21:59 | Build | Farm |
| 21:59 | Build | Farm |
| 22:06 | Research | Horse Collar |
| 22:13 | Create | Unit 1911 |
| 22:50 | Create | Unit 1911 ×2 |
| 22:55 | Build | House |
| 22:58 | Build | House |
| 23:01 | Build | House |
| 23:05 | Build | House |
| 23:09 | Create | Unit 1911 ×2 |
| 23:35 | Build | Town Center |
| 23:44 | Build | Town Center |
| 24:17 | Create | Unit 1911 ×3 |
| 24:20 | Create | Villager (Male) |
| 24:27 | Create | Villager (Male) |
| 24:32 | Build | Farm |
| 24:34 | Build | Farm |
| 24:36 | Build | Farm |
| 24:45 | Create | Unit 1911 |
Match timeline
| 0:19 | gabosv92 · first_building Dock |
| 0:58 | Cyvarios · first_building Dock |
| 1:06 | PickledCabbage · first_building Dock |
| 1:48 | Chipmunk · first_building Dock |
| 2:25 | martin.caze · first_building Dock |
| 3:23 | Chipmunk · wall_segment Palisade Wall x1 |
| 3:24 | Chipmunk · wall_segment Palisade Wall x1 |
| 3:31 | Chipmunk · wall_segment Palisade Wall x1 |
| 3:32 | Chipmunk · wall_segment Palisade Wall x1 |
| 3:50 | Chipmunk · wall_segment Palisade Wall x1 |
| 3:57 | Chipmunk · wall_segment Palisade Wall x1 |
| 4:02 | DoGG! · first_building Dock |
| 10:41 | martin.caze · wall_segment Palisade Wall x2 |
| 12:33 | gabosv92 · wall_segment Palisade Wall x1 |
| 12:37 | gabosv92 · age_up feudal |
| 12:39 | Chipmunk · age_up feudal |
| 12:51 | gabosv92 · wall_segment Palisade Wall x1 |
| 12:53 | gabosv92 · wall_segment Palisade Wall x1 |
| 12:55 | gabosv92 · wall_segment Palisade Wall x1 |
| 12:59 | PickledCabbage · age_up feudal |
| 13:34 | martin.caze · age_up feudal |
| 13:47 | Cyvarios · age_up feudal |
| 14:42 | DoGG! · age_up feudal |
| 14:47 | gabosv92 · first_building Barracks |
| 15:41 | Cyvarios · wall_segment Palisade Wall x3 |
| 17:24 | Cyvarios · first_building Barracks |
| 17:26 | gabosv92 · wall_segment Palisade Wall x18 |
| 18:13 | Cyvarios · first_market_buy 100 wood |
| 18:21 | Cyvarios · first_building Archery Range |
| 18:26 | Cyvarios · first_market_sell 100 food |
| 18:28 | PickledCabbage · first_building Barracks |
| 18:56 | Cyvarios · age_up castle |
| 19:16 | gabosv92 · first_building Archery Range |
| 21:57 | DoGG! · first_building Archery Range |
| 22:09 | Chipmunk · first_market_sell 100 food |
| 22:09 | Chipmunk · first_market_buy 100 wood |
| 22:12 | Chipmunk · first_building Barracks |
| 22:33 | Chipmunk · age_up castle |
| 22:46 | Chipmunk · first_building Castle |
| 23:16 | PickledCabbage · first_building Archery Range |
| 23:48 | Chipmunk · first_building Siege Workshop |
| 23:48 | DoGG! · resign |
[ AI ANALYSIS · 1 CREDIT ]
What really happened in this match?
Wolo.gg analyzes every decision: build order, eco, micro, common mistakes by bracket. Personalized analysis on WhatsApp or Discord in 30 seconds.
Civ guide
Poles
Perfil
Jugador #2848786